AoeStats
← 8

Fortress

510000828Analyzed
4v4 RM · 4d ago on Sep 29, 2026· 52m 19s· 8 players
Game mode
Random Map
Map size
Huge
Population
200
Speed
Normal
Resources
Standard
Victory
Conquest
Starting age
Dark Age
Ending age
Imperial Age
RankedLock teamsTeams togetherTeam positionsShared explorationLock speedFull tech treeHidden civsTurbo modeCheats
Victory
Defeat
🇨🇴 Burgundians · Colombia
1271
+16
🇺🇸 Khmer · United States
1237
+17
🇲🇽 Danes · Mexico
1234
+18
🇺🇸 Dravidians · United States
1188
+19
🇦🇷 Khitans · Argentina
1348
-20
🇦🇷 Celts · Argentina
1341
-21
🇦🇷 Saracens · Argentina
1283
-18
🇦🇷 Persians · Argentina
1101
-11
derschulerin
3:19 Loom
8:35 Feudal Age
12:35 Castle Age
10:50 Scale Mail Armor
10:48 Double-Bit Axe
11:00 Horse Collar
11:44 Gold Mining
14:25 Chain Mail Armor
17:05 Forging
19:03 Iron Casting
19:52 Gambesons
21:35 Fletching
25:11 Wheelbarrow
25:53 Bodkin Arrow
30:38 Padded Archer Armor
33:41 Leather Archer Armor
34:28 Scale Barding Armor
35:22 Heavy Plow
37:03 Gold Shaft Mining
36:44 Bow Saw
40:06 Imperial Age
38:00 Hand Cart
37:52 Squires
37:37 Pikeman
38:04 Arson
39:36 Town Watch
40:04 Stone Mining
40:09 Elite Jomsviking
40:21 Halberdier
41:29 Conscription
41:24 Town Patrol
42:11 Stone Shaft Mining
43:06 Chemistry
43:41 Blast Furnace
43:16 Plate Mail Armor
43:59 Man-at-Arms
45:28 Bracer
44:57 Elite Varangian Guard
45:05 Hamask
47:57 Chemistry
47:02 Siege Engineers
46:25 Northmen's Fury
48:23 Ring Archer Armor
MZTK | John_Wick
8:50 Feudal Age
7:34 Double-Bit Axe
7:30 Horse Collar
9:45 Town Watch
11:03 Loom
13:40 Castle Age
12:51 Scale Barding Armor
16:37 Forging
22:42 Fletching
24:01 Husbandry
27:14 Wheelbarrow
27:41 Iron Casting
28:48 Chain Barding Armor
34:52 Imperial Age
32:25 Light Cavalry
36:38 Plate Barding Armor
41:41 Conscription
42:06 Burgundian Vineyards
42:21 Hand Cart
42:32 Hussar
44:32 Blast Furnace
46:05 Gold Mining
46:05 Stone Mining
49:01 Caravan
48:51 Elite Coustillier
50:02 Heavy Plow
52:49 Bow Saw
53:10 Crop Rotation
8
6:09 Feudal Age
11:46 Castle Age
10:10 Double-Bit Axe
10:55 Fletching
14:50 Crossbowman
16:19 Bodkin Arrow
22:01 Forging
24:08 Padded Archer Armor
26:45 Wheelbarrow
31:48 Imperial Age
29:45 Gold Mining
30:13 Loom
32:01 Arbalester
32:48 Bracer
34:33 Chemistry
37:48 Bow Saw
44:51 Thumb Ring
Ra
6:23 Feudal Age
6:53 Loom
9:51 Castle Age
8:14 Double-Bit Axe
10:27 Horse Collar
14:46 Bloodlines
15:27 Scale Barding Armor
22:45 Chain Barding Armor
26:25 Wheelbarrow
25:35 Town Watch
30:13 Forging
30:33 Husbandry
33:19 Heavy Plow
35:12 Iron Casting
34:47 Tusk Swords
35:02 Bow Saw
34:46 Gold Mining
38:34 Imperial Age
36:20 Hand Cart
36:06 Town Patrol
39:35 Light Cavalry
41:19 Hussar
43:16 Crop Rotation
51:51 Blast Furnace
51:31 Plate Barding Armor
51:28 Conscription
53:54 Blast Furnace
Palomo Usuriaga
7:40 Feudal Age
11:56 Castle Age
9:48 Double-Bit Axe
9:54 Domestication
11:44 Wheelbarrow
14:43 Wheelbarrow
14:34 Bow Saw
14:17 Loom
15:09 Wheelbarrow
15:24 Pastoralism
18:02 Scale Barding Armor
19:04 Husbandry
21:25 Forging
23:51 Chain Barding Armor
24:07 Iron Casting
26:52 Imperial Age
25:26 Iron Casting
26:05 Hand Cart
25:37 Town Watch
28:28 Plate Barding Armor
28:11 Light Cavalry
29:47 Elite Skirmisher
30:58 Fletching
31:08 Padded Archer Armor
31:17 Stone Mining
31:18 Gold Mining
31:49 Bodkin Arrow
32:55 Thumb Ring
33:52 Chemistry
33:18 Ballistics
33:53 Bracer
34:09 Leather Archer Armor
34:45 Conscription
35:03 Conscription
34:49 Ordo Cavalry
34:17 Capped Ram
36:36 Ring Archer Armor
35:51 Hussar
38:15 Scale Mail Armor
38:04 Gambesons
38:19 Squires
38:05 Arson
38:21 Elite Fire Lancer
42:24 Chain Mail Armor
43:02 Stone Shaft Mining
44:37 Plate Mail Armor
44:53 Pikeman
49:45 Transhumance
49:57 Lamellar Armor
Mono
8:16 Feudal Age
12:16 Castle Age
10:16 Double-Bit Axe
10:13 Horse Collar
10:26 Gold Mining
13:26 Bow Saw
13:19 Heavy Plow
14:57 Wheelbarrow
18:21 Hand Cart
22:47 Imperial Age
20:35 Loom
20:36 Town Watch
21:09 Scale Mail Armor
21:20 Forging
21:49 Gold Shaft Mining
22:30 Chain Mail Armor
22:04 Gambesons
22:04 Arson
22:30 Man-at-Arms
22:35 Pikeman
23:28 Arson
24:19 Plate Mail Armor
25:05 Conscription
25:32 Stone Mining
28:13 Chemistry
26:34 Halberdier
30:08 Iron Casting
29:24 Fletching
31:24 Furor Celtica
32:41 Blast Furnace
32:10 Bodkin Arrow
35:52 Heavy Scorpion
36:40 Capped Ram
38:35 Siege Ram
42:44 Padded Archer Armor
43:08 Ballistics
44:24 Onager
44:53 Elite Woad Raider
47:58 Leather Archer Armor
Beto Casella
8:32 Feudal Age
12:08 Castle Age
10:03 Double-Bit Axe
10:53 Gold Mining
11:12 Horse Collar
12:26 Scale Barding Armor
12:32 Forging
12:59 Bow Saw
20:50 Loom
25:05 Gold Shaft Mining
28:08 Wheelbarrow
28:59 Chain Barding Armor
33:12 Iron Casting
34:58 Fletching
37:58 Bloodlines
37:48 Husbandry
40:15 Hand Cart
43:28 Imperial Age
42:27 Town Watch
46:25 Elite Mameluke
47:26 Conscription
47:48 Plate Barding Armor
50:03 Blast Furnace
Gulrich
6:37 Loom
11:05 Feudal Age
12:40 Horse Collar
12:48 Double-Bit Axe
15:50 Castle Age
14:19 Gold Mining
14:48 Scale Barding Armor
15:49 Bloodlines
15:52 Forging
Connection lost

Rejoining the realm…

Still unreachable

The connection could not be restored.

Session expired

The server has moved on; the page needs a fresh start.